Unix NetHack Version 3.7.0-69 Work-in-progress - last build Jan 17 2023 02:48:11 (52afb19a5a75bd13c37bd07f7a1a2262d275dfea,branch:master). Game began 2023-01-18 16:44:23, ended 2023-01-18 16:59:14. McPanther, lawful male human Knight ------- ------------ ----------- |..0...##################################...>..^....- |.........| |.<...| #####|..........| +.........| |......# # ------.---.- |.........| ---|---##### ### ##### # |.........| # # # # ### |.........| # # ### # # # |.........| # ####----------.---- # ### # -----.----- ## #-.............| # -.--- ## ### ## |.............| ## |...| #### #### -----|---- |.............+ # |...| ### |@.u)....| |.............| # |...| ### |m?(@+.!*| ------------|-- # |...| ### |!**=*%()| # ## |{>.| ----.-.----- |(%()[".?| # # ----- |..........| |?!]%%%[?| --------|--- # |..........| |[%$?%![?| |..........|## |..........| ---------- |..........-# ...........| ------------ ------------ McPanther the Esquire St:14 Dx:8 Co:13 In:9 Wi:16 Ch:17 Lawful S:658 Dlvl:4 $:74 HP:0(34) Pw:30(30) AC:4 Xp:4/96 T:1943 Hungry Latest messages: You drop an uncursed scroll labeled HAPAX LEGOMENON. Tuktoyaktuk offers 50 gold pieces for your scroll labeled HAPAX LEGOMENON. Sell it? [ynaq] (n) A - an uncursed scroll labeled HAPAX LEGOMENON. What do you want to call? [ijlpzAD or ?*] What do you want to drop? [$a-fh-jlpswzADFGL or ?*] You drop an uncursed scroll labeled PRIRUTSENIE. Tuktoyaktuk offers 150 gold pieces for your scroll labeled PRIRUTSENIE. Sell it? [ynaq] (n) Jorge drops a club. p - an uncursed scroll labeled PRIRUTSENIE. What do you want to call? [ijlpzAD or ?*] What do you want to drop? [$a-fh-jlpswzADFGL or ?*] You drop an uncursed scroll labeled TEMOV. Tuktoyaktuk offers 50 gold pieces for your scroll labeled TEMOV. Sell it? [ynaq] (n) You are beginning to feel hungry. z - an uncursed scroll labeled TEMOV. What do you want to call? [ijlpzAD or ?*] What do you want to drop? [$a-fh-jlpswzADFGL or ?*] You drop an uncursed scroll labeled THARR. Tuktoyaktuk offers 50 gold pieces for your scroll labeled THARR. Sell it? [ynaq] (n) l - an uncursed scroll labeled THARR. What do you want to call? [ijlpzAD or ?*] Wait! That's a giant mimic! What do you want to wield? [- abswFG or ?*] a - a corroded +1 long sword (weapon in hand). b - a blessed +1 lance (alternate weapon; not wielded). You hit the giant mimic. The giant mimic hits! The giant mimic hits! # Are you sure you want to pray? [yn] (n) You begin praying to Lugh. You are surrounded by a shimmering light. The giant mimic loosens its grip slightly. You finish your prayer. You feel that Lugh is well-pleased. You feel much better. You hit the giant mimic. You miss the giant mimic. The giant mimic hits! The giant mimic hits! You hit the giant mimic. The giant mimic hits! The giant mimic hits! You die... Tuktoyaktuk gratefully inherits all your possessions. Do you want to see what you had when you died? [ynq] (y) Do you want to see your attributes? [ynq] (y) Do you want an account of creatures vanquished? [ynaq] (y) Do you want to see your conduct and achievements? [ynq] (y) Do you want to see the dungeon overview? [ynq] (y) Inventory: Coins $ - 74 gold pieces Weapons w - 9 +0 darts G - 2 +0 darts (at the ready) s - 2 poisoned +0 darts F - a +0 dagger a - a corroded +1 long sword (weapon in hand) b - a blessed +1 lance (alternate weapon; not wielded) Armor d - an uncursed +0 helmet (being worn) f - an uncursed +0 pair of leather gloves (being worn) e - an uncursed +0 small shield (being worn) c - an uncursed rusty +1 ring mail (being worn) Comestibles L - an uncursed partly eaten apple h - 10 uncursed carrots Scrolls z - an uncursed scroll of destroy armor l - an uncursed scroll of fire p - an uncursed scroll of stinking cloud A - an uncursed scroll of teleportation Potions j - an uncursed potion of healing D - an uncursed potion of sickness i - an uncursed potion of sleeping McPanther the Knight's attributes: Background: You were an Esquire, a level 4 male human Knight. You were lawful, on a mission for Lugh who was opposed by Brigit (neutral) and Manannan Mac Lir (chaotic). You were in the Dungeons of Doom, on level 4. You entered the dungeon 1943 turns ago. You had 96 experience points, 64 more were needed to attain level 5. Your score was 658 before end-of-game adjustments. Basics: You had 0 out of 34 hit points. You had all 30 energy points (spell power). Your armor class was 4. Your wallet contained 74 zorkmids. Autopickup was on, but temporarily disabled while inside the shop. Final Characteristics: Your strength was 14 (limit:18/100). Your dexterity was 8 (limit:18). Your constitution was 13 (limit:18). Your intelligence was 9 (limit:18). Your wisdom was 16 (limit:18). Your charisma was 17 (limit:18). Final Status: You were held by a giant mimic (south). You were hungry. You were unencumbered. You were wielding a long sword. You had basic skill with long sword. Final Attributes: You were devoutly aligned. You were telepathic. You could jump. You were warded. You are dead. Miscellaneous: You never encountered a bones level. Total elapsed playing time was 14 minutes and 50 seconds. Major events: Turn 1: McPanther the lawful male human Knight entered the dungeon 591: attained the rank of Esquire (level 3) 1100: entered the Gnomish Mines 1943: killed by a giant mimic Vanquished creatures: a little dog a floating eye a kitten an iguana an acid blob a gas spore a hobbit a large kobold a cave spider a brown mold 3 yellow molds a green mold 3 geckos 3 jackals 4 foxes a kobold 7 grid bugs 3 lichens 2 kobold zombies a newt 38 creatures vanquished. No species were genocided or became extinct. Voluntary challenges: You read items or engraved 1 time. You never engraved Elbereth. You never genocided any monsters. You never polymorphed an object. You never changed form. You used no wishes. Achievements: You attained the rank of Esquire. You entered a shop. You entered the Gnomish Mines. The Dungeons of Doom: levels 1 to 5 Level 1: Many fountains. Level 2: An altar to Lugh. Level 3: A sink. Level 4: <- You were here. A general store, a fountain. Stairs down to The Gnomish Mines. Final resting place for you, killed by a giant mimic. Level 5: The Gnomish Mines: Level 5: Game over: ---------- / \ / REST \ / IN \ / PEACE \ / \ | McPanther | | 74 Au | | killed by a | | giant mimic | | | | | | 2023 | *| * * * | * _________)/\\_//(\/(/\)/\//\/|_)_______ Fare thee well McPanther the Knight... You died in The Dungeons of Doom on dungeon level 4 with 651 points, and 74 pieces of gold, after 1943 moves. You were level 4 with a maximum of 34 hit points when you died.